 Dungeon Crawl Stone Soup version 0.18-a0-1300-g6e8322c (webtiles) character file.

244 Tomstefer the Carver (level 5, -5/42 HPs)
             Began as a Minotaur Gladiator on Feb 11, 2016.
             Killed by divine providence
             ... invoked by an orc priest
              (13 damage)
             ... on level 4 of the Dungeon.
             The game lasted 00:06:24 (3400 turns).

Tomstefer the Carver (Minotaur Gladiator)           Turns: 3400, Time: 00:06:24

Health: -5/42      AC:  9    Str: 19    XL:     5   Next: 83%
Magic:  4/4        EV: 14    Int:  5    God:
Gold:   127        SH:  0    Dex: 12    Spells: 0 memorised, 4 levels left

rFire  . . .     SeeInvis .     a - +0 long sword
rCold  + . .     Gourm    .     p - +3 ring mail {rC+}
rNeg   . . .     Faith    .     (no shield)
rPois  .         Spirit   .     c - +0 hat
rElec  .         Dismiss  .     (no cloak)
rCorr  .         Reflect  .     (no gloves)
SustAt +         Harm     .     u - +0 pair of boots
MR     .....                    (no amulet)
Stlth  +.........               o - ring of sustain attributes
                                j - +2 ring of evasion

@: not resistant to hostile enchantments, very unstealthy
A: retaliatory headbutt, horns 2
a: no special abilities


You were on level 4 of the Dungeon.
You were near starving.

You visited 1 branch of the dungeon, and saw 4 of its levels.

You collected 127 gold pieces.

Inventory:

Hand Weapons
 a - a +0 long sword (weapon)
Missiles
 d - 3 throwing nets (quivered)
Armour
 c - a +0 hat (worn)
 p - a +3 ring mail of cold resistance (worn)
 u - a +0 pair of boots (worn)
Jewellery
 j - a +2 ring of evasion (left hand)
 m - an uncursed ring of stealth
 o - a ring of sustain attributes (right hand)
Wands
 q - a wand of digging (12/24)
 y - a wand of confusion (28/48)
Scrolls
 e - 3 scrolls of identify
 g - 2 scrolls of remove curse
 h - a scroll of magic mapping
 i - 3 scrolls of noise {unknown}
 l - 2 scrolls of teleportation {unknown}
 n - a scroll of recharging {unknown}
 s - 2 scrolls of enchant weapon
 t - a scroll of fear {unknown}
 w - a scroll of immolation {unknown}
 z - a scroll of blinking {unknown}
Potions
 b - a potion of might {unknown}
 k - a potion of berserk rage {unknown}
 r - a potion of lignification {unknown}
 v - a potion of flight {unknown}
Books
 A - a book of Maledictions

   Spells                             Type                      Level
   a - Corona                         Hexes                        1
   b - Ensorcelled Hibernation        Hexes/Ice                    2
   c - Confuse                        Hexes                        3
   d - Tukima's Dance                 Hexes                        3
   e - Dazzling Spray                 Conjuration/Hexes            3
Comestibles
 f - 2 bread rations
 x - a meat ration
 B - a royal jelly


   Skills:
 - Level 2.4 Fighting
 + Level 8.0 Long Blades
 - Level 2.0 Throwing
 - Level 3.2 Dodging


You had 4 spell levels left.
You didn't know any spells.

Dungeon Overview and Level Annotations

Branches:
Dungeon (4/15)
 Temple: D:4-7

Altars:
Cheibriados
Nemelex Xobeh
Ru
Trog


Innate Abilities, Weirdness & Mutations

You reflexively headbutt those who attack you in melee.
You have a pair of horns on your head.


Message History

An orc comes into view. It is wielding a war axe.
The orc shouts!
You miss something.
You hear some strange, mumbled words.
Something tries to affect you, but you resist.
Unknown command.
You miss something. You headbutt something!
Something hits you but does no damage.
The orc priest invokes the aid of Beogh against you.
Something smites you!
You completely miss something.
You hear some strange, mumbled words.
A magic dart appears from out of thin air!
The magic dart hits you!
The orc priest mumbles some strange prayers to Beogh against you.
Something smites you!
* * * LOW HITPOINT WARNING * * *
The orc priest calls down the wrath of Beogh upon you.
Something smites you!
You die...

*****,***,**#.#*******,*
*,,,,** **,*#..,,,,,,,,*
*,**,* *,,oo#******,,*
*,,,,** **,*#o# *,,* ***
*,,∩,,***,**#.# *,,*
**,, **,,,,,,,** #o#
*,,****,,, ********* #.#
*,,**,,,*, #.#
*,,**,*,,, #@#
*,,**,**,*
#.#######,,,,,,,,,
####........,,,,,,,**
#........?.#,**,,,**
#.##.#####.#,***,**
#.##.####.#,,,*,,*
#........#≈*,*≈*,****
#.##.##...#,,,*,,,,,,
#.##.#*.#...*,,,*,***


You could see an orc priest and 3 orcs.

Vanquished Creatures
  An orc wizard (D:2)
  Natasha (thrice) (D:2)
  Terence (D:2)
  7 adders
  2 oozes
  3 ball pythons
  4 giant cockroaches
  6 hobgoblins
  A quokka (D:2)
  7 bats
  7 goblins
  4 kobolds
  6 rats
52 creatures vanquished.

Notes
Turn   | Place    | Note
--------------------------------------------------------------
     0 | D:1      | Tomstefer the Minotaur Gladiator began the quest for the Orb.
     0 | D:1      | Reached XP level 1. HP: 18/18 MP: 0/0
    61 | D:1      | Reached skill level 4 in Long Blades
    74 | D:1      | Reached XP level 2. HP: 25/25 MP: 1/1
  1180 | D:2      | Reached skill level 5 in Long Blades
  1180 | D:2      | Reached XP level 3. HP: 30/30 MP: 2/2
  1205 | D:2      | Found a sacrificial altar of Ru.
  1215 | D:2      | Reached skill level 6 in Long Blades
  1215 | D:2      | Reached XP level 4. HP: 30/37 MP: 3/3
  1275 | D:2      | Noticed Natasha
  1286 | D:2      | Killed Natasha
  1485 | D:2      | Noticed Natasha
  1494 | D:2      | Killed Natasha
  1545 | D:2      | Noticed Natasha
  1555 | D:2      | Killed Natasha
  1555 | D:2      | Reached skill level 7 in Long Blades
  1555 | D:2      | Reached XP level 5. HP: 21/42 MP: 4/4
  1719 | D:2      | Noticed Terence
  1741 | D:2      | Killed Terence
  2606 | D:3      | Found a sparkling altar of Nemelex Xobeh.
  2990 | D:3      | Found a snail-covered altar of Cheibriados.
  3218 | D:3      | Reached skill level 8 in Long Blades
  3354 | D:3      | Found a bloodstained altar of Trog.
  3400 | D:4      | Killed from afar by an orc priest

Vault maps used:
D:1:      erik_arrival_cave_to_civilisation, minmay_cut_off
D:2:      nicolae_ru_great_annihilating_truth, uniq_natasha, uniq_terence
D:3:      cheibriados_altar_1, lemuel_round_altar, nemelex_spade_bored_becter
D:4:      lemuel_round_altar, enter_ossuary_3, kennysheep_doodads,
          kennysheep_pointless_box

Action                   |  1- 3 |  4- 6 || total
-------------------------+-------+-------++-------
Melee: Long sword        |    36 |    96 ||   132
  Use: Scroll            |       |     4 ||     4
 Stab: Paralysed         |       |     2 ||     2
  Eat: Chunk             |     1 |     5 ||     6
